Map: Pylon LE

Players

gultek - Winner!

  • Race: Terran Terran
  • League: Platinum
  • Spawn Location: 11:00

ManlyManMeat

  • Race: Zerg Zerg
  • League: Master
  • Spawn Location: 5:00

VOD

Have the link to the VOD?

Description

Time

  • Played on: June 15, 2025, 8:35 a.m.
  • Length: 11:12
Show
View Real Time Build Order
Export as new Build Order

gultek Terran - Winner!

Build Orders:  

Get SALT Encoding   

  12  0:00  SCV  
  13  0:14  SCV  
  13  0:18  Supply Depot  
  14  0:26  SCV  
  15  0:41  Barracks  
  15  0:52  Barracks  
  15  0:58  Refinery  
  15  1:01  SCV  
  16  1:13  SCV  
  17  1:28  Marine  
  17  1:30  Orbital Command  
  18  1:39  Marine  
  19  1:41  Supply Depot  
  19  1:50  Marine  
  20  1:59  Marine  
  21  2:05  Bunker  
  21  2:10  Bunker  
  21  2:11  Marine  
  22  2:18  SCV  
  23  2:28  Marine  
  24  2:30  SCV  
  24  2:36  Marine  
  26  2:52  Marine  
  26  2:59  Marine  
  27  3:06  SCV  
  27  3:10  Command Center, Marine  
  27  3:11  Supply Depot  
  29  3:24  Marine  
  30  3:28  Marine  
  30  3:30  Factory, Refinery  
  30  3:41  Marine  
  30  3:46  Marine  
  30  3:53  SCV  
  31  3:57  Supply Depot  
  31  3:59  Marine  
  32  4:04  Marine  
  32  4:17  Marine  
  32  4:19  SCV  
  32  4:21  Marine  
  35  4:29  Factory Tech Lab  
  35  4:30  Starport  
  34  4:32  SCV  
  36  4:41  Bunker  
  35  4:55  Siege Tank  
  35  4:59  Barracks  
  38  5:02  SCV  
  39  5:09  Starport Tech Lab  
  39  5:15  Barracks  
  39  5:19  SCV  
  40  5:30  Supply Depot  
  40  5:33  SCV  
  41  5:39  SCV  
  42  5:54  Bunker  
  42  5:59  SCV, Barracks Tech Lab  
  42  6:00  SCV  
  44  6:07  Barracks Reactor  
  44  6:10  Barracks Reactor  
  41  6:12  SCV  
  41  6:14  SCV  
  41  6:16  Barracks Reactor  
  41  6:17  Marine  
  44  6:19  Supply Depot  
  44  6:31  Supply Depot  
  44  6:33  Supply Depot  
  44  6:35  Marine  
  44  6:36  Banshee  
  48  6:40  Cloaking Field  
  48  6:48  Marine x2, Supply Depot  
  48  6:53  Marine  
  51  6:58  Marine x3  
  54  7:03  Engineering Bay  
  54  7:08  Supply Depot  
  54  7:09  Marine x2  
  54  7:11  Marine  
  54  7:13  SCV  
  58  7:19  Marine x2  
  58  7:20  Marine  
  61  7:25  Marine  
  61  7:27  Marine  
  61  7:29  Marine  
  63  7:30  Supply Depot  
  63  7:33  Terran Infantry Weapons Level 1  
  63  7:35  SCV  
  64  7:38  Marine  
  65  7:46  Medivac  
  65  7:47  Marine  
  65  7:48  Marine  
  69  7:52  Supply Depot  
  69  7:53  Stimpack  
  69  7:54  Marine  
  69  7:57  Marine  
  71  8:02  Marine  
  71  8:03  Marine x2  
  74  8:12  Marine x2  
  76  8:14  Marine  
  76  8:18  Marine  
  78  8:20  Marine  
  78  8:21  Marauder  
  81  8:29  Barracks, Starport Reactor  
  81  8:30  Marine  
  81  8:31  Marine  
  83  8:42  Marine  
  83  8:45  Marine x2  
  83  8:46  Marine x2  
  83  8:48  Marine  
  89  8:49  Marine  
  89  8:53  Siege Tank  
  93  9:00  Marine  
  91  9:03  Marine x2  
  91  9:04  Marine x2  
  91  9:05  Marine  
  91  9:07  Marine  
  97  9:18  Marine  
  97  9:21  Marine x2  
  97  9:22  Marine x2  
  97  9:23  Marine  
  103  9:25  Marine  
  104  9:36  Marine  
  104  9:37  Medivac  
  107  9:39  Marine x2  
  107  9:40  Marine x2  
  107  9:41  Marine  
  107  9:43  Marine  
  107  9:53  Marine  
  107  9:56  Marine  
  107  9:57  Marine  
  107  9:58  Marine x2  
  107  9:59  Marine  
  111  10:10  Marine  
  111  10:11  Marine  
  113  10:14  Marine x2  
  113  10:16  Marine x2  
  113  10:25  Marine  
  113  10:28  Marine  
  115  10:29  Marine  
  115  10:32  Marine  
  104  10:47  Marine  
Show
View Real Time Build Order
Export as new Build Order

ManlyManMeat Zerg 

Build Orders: Hatch First 

Get SALT Encoding   

  12  0:08  Overlord  
  12  0:13  Drone  
  13  0:20  Drone  
  14  0:26  Drone  
  15  0:30  Drone  
  16  0:40  Drone  
  17  0:51  Hatchery  
  17  0:55  Drone  
  17  1:04  Drone  
  18  1:12  Spawning Pool  
  18  1:16  Extractor, Drone  
  17  1:23  Drone  
  18  1:34  Drone  
  19  1:45  Drone  
  20  1:56  Drone  
  21  2:02  Queen x2  
  21  2:04  Overlord  
  21  2:07  Zergling x2  
  26  2:14  Zergling x2  
  27  2:17  Metabolic Boost  
  28  2:22  Zergling x2  
  28  2:33  Zergling x2  
  28  2:34  Zergling x2  
  30  2:48  Zergling x2  
  30  2:49  Zergling x4  
  32  2:56  Zergling x2  
  33  2:59  Drone  
  34  3:15  Spine Crawler  
  34  3:25  Drone  
  34  3:26  Overlord  
  35  3:28  Overlord  
  26  3:51  Spine Crawler  
  23  4:06  Overlord  
  23  4:11  Hatchery  
  22  4:25  Zergling x8  
  22  4:29  Queen  
  28  4:55  Zergling x2  
  28  4:56  Zergling x4  
  31  5:09  Zergling x2  
  32  5:19  Queen  
  34  5:22  Queen  
  36  5:29  Zergling x10  
  41  5:41  Zergling x4  
  40  6:13  Hatchery  
  39  6:24  Lair  
  39  6:29  Roach Warren  
  33  6:55  Drone x10  
  33  6:59  Hatchery  
  42  7:03  Hatchery  
  41  7:13  Zergling x4  
  43  7:56  Spore Crawler  
  43  7:57  Overseer  
  43  7:58  Spore Crawler  
  41  7:59  Overlord  
  41  8:01  Spore Crawler  
  41  8:04  Overseer  
  40  8:05  Spore Crawler  
  40  8:09  Roach x2  
  40  8:10  Roach x6  
  55  8:22  Extractor, Drone x5  
  55  8:23  Overlord x2, Drone  
  55  8:25  Drone x3  
  55  8:26  Drone x3  
  66  8:32  Overlord  
  66  8:34  Overlord  
  66  8:39  Roach  
  61  9:04  Overlord  
  61  9:10  Baneling Nest  
  61  9:16  Zergling x26  
  70  9:25  Roach  
  72  9:43  Roach x3  
  75  9:49  Zergling x10  
  75  9:50  Overlord, Zergling x2  
  74  10:05  Roach x2  
  74  10:06  Roach x3  
  81  10:11  Baneling  
  81  10:12  Baneling x6  
  69  10:38  Zergling x28  
  80  10:51  Zergling x14  
Tags
 
Matchup
TvZ
Spawn Locations
Cross Positions
Add a new tag
Caveats
  • Supply blocks, unpowered buildings, or Contaminate may cause inaccurate times.
  • Supply counts are checked every 10 seconds.